 Dungeon Crawl Stone Soup version 0.30-a0-339-g89bb51ec76 (webtiles) character file.

Game seed: 15379460466658699830

115 PimpSugar the Magician (level 4, -1/32 HPs)
             Began as a Demonspawn Hedge Wizard on Nov 1, 2022.
             Slain by a scorpion (5 damage)
             ... on level 3 of the Dungeon.
             The game lasted 00:09:56 (3181 turns).

PimpSugar the Magician (Demonspawn Hedge Wizard)    Turns: 3181, Time: 00:09:57

Health: -1/32      AC:  6    Str: 11    XL:     4   Next: 68%
Magic:  6/9        EV: 15    Int: 17    God:
Gold:   113        SH:  0    Dex: 12    Spells: 6/10 levels left

rFire   . . .      SeeInvis .    r - +3 whip (elec)
rCold   . . .      Faith    .    (no shield)
rNeg    . . .      Spirit   .    e - +3 leather armour
rPois   .          Reflect  .    c - +0 hat
rElec   .          Harm     .    (no cloak)
rCorr   .          Rampage  .    (no gloves)
Will    .....                    (no boots)
Stlth   ++........               (no amulet)
HPRegen 0.25/turn                s - +4 ring of evasion
MPRegen 0.11/turn                (no ring)

@: lethally poisoned (-1 -> -4)
A: claws 1
a: no special abilities


You were on level 3 of the Dungeon.
You visited 1 branch of the dungeon, and saw 3 of its levels.

You collected 113 gold pieces.

Inventory:

Hand Weapons
 a - a +0 dagger
 r - a +3 whip of electrocution (weapon)
Missiles
 f - 34 stones
 q - 5 atropa-tipped darts
 u - 6 poisoned darts
Armour
 b - a +0 robe
 c - a +0 hat (worn)
 e - a +3 leather armour (worn)
Jewellery
 s - a +4 ring of evasion (left claw)
 t - a ring of ice
Scrolls
 g - a scroll of fear {unknown}
 h - a scroll of magic mapping
 i - a scroll of identify {unknown}
 k - a scroll of noise {unknown}
 l - a scroll of teleportation {unknown}
 n - a scroll of blinking {unknown}
 p - a scroll of enchant armour {unknown}
Potions
 d - 2 potions of magic
 j - a potion of might {unknown}
 m - a potion of brilliance {unknown}
 o - a potion of attraction {unknown}


   Skills:
 + Level 1.2 Fighting
 - Level 2.1 Dodging
 + Level 2.3 Stealth
 * Level 3.5 Spellcasting
 * Level 2.1 Conjurations
 + Level 0.5 Hexes
 + Level 1.6 Summonings
 + Level 1.4 Translocations


You had 6 spell levels left.
You knew the following spells:

 Your Spells              Type           Power      Damage    Failure   Level
a - Magic Dart            Conj           40%        1d5       9%          1
b - Call Imp              Summ           8%         N/A       17%         2
c - Slow                  Hex            16%        N/A       19%         1

Your spell library contained the following spells:

 Spells                   Type           Power      Damage    Failure   Level
 Blink                    Tloc           14%        N/A       19%         2
 Cigotuvi's Dreadful Rot  Necr/Pois/Air  6%         N/A       32%         2
 Mephitic Cloud           Conj/Pois/Air  5%         N/A       43%         3


Dungeon Overview and Level Annotations

Branches:
Dungeon (3/15)

Altars:


Innate Abilities, Weirdness & Mutations

You have sharp fingernails.


Message History

Confirm with . or Enter, or press ? or * to list all spells.
You miscast Call Imp.
You are very lightly contaminated with residual magic.
Nothing appears to happen.
Casting: Call Imp (safe; 17% risk of failure)
Confirm with . or Enter, or press ? or * to list all spells.
A beastly little devil appears in a puff of flame.
Your crimson imp blinks!
You closely miss the scorpion. The scorpion barely misses you.
The scorpion closely misses you.
You hit the scorpion but do no damage. The scorpion stings you.
You are poisoned.
The scorpion poisons you!
Your crimson imp barely misses the scorpion.
You closely miss the scorpion.
You feel very sick. The scorpion stings you.
You are more poisoned.
The scorpion poisons you!
Your crimson imp closely misses the scorpion.
You closely miss the scorpion.
You feel very sick. The scorpion stings you.
Your crimson imp hits the scorpion.
The scorpion barely misses you.
Your magical contamination has completely faded away.
The scorpion attacks as you move away! The scorpion barely misses you.
You feel sick.
Your crimson imp closely misses the scorpion.
You feel sick.
You feel sick.
Your crimson imp blinks!
You feel sick. The scorpion attacks as you move away!
The scorpion stings you but does no damage.
You feel sick.
Your crimson imp hits the scorpion but does no damage.
The scorpion stings you.
* * * LOW HITPOINT WARNING * * *
The scorpion attacks as you move away! The scorpion stings you.
You die...

##### .#####...
........=
.....#..##
........)#
.......@.#
..###..s5###...
#..........
##..#+##...
#<....## #
##.....#
#......#
#..#...#
#......#


You could see a scorpion (ally target) and a friendly crimson imp (summoned).

Vanquished Creatures
  An adder (D:2)
  3 worms (D:2)
  2 dart slugs
  2 ball pythons
  10 bats
  3 endoplasms (D:1)
  3 giant cockroaches
  4 hobgoblins
  7 jackals
  A quokka (D:2)
  4 frilled lizards (D:1)
  4 goblins
  6 kobolds
  6 rats
56 creatures vanquished.

Vanquished Creatures (collateral kills)
  2 adders (D:2)
  2 dart slugs
  A bat (D:1)
  2 endoplasms (D:2)
  2 giant cockroaches (D:2)
  A goblin (D:1)
  3 ball pythons
  A kobold (D:2)
14 creatures vanquished.

Vanquished Creatures (others)
  2 plants
2 creatures vanquished.

Grand Total: 72 creatures vanquished

Notes
Turn   | Place    | Note
-------+----------+-------------------------------------------
     0 | D:1      | PimpSugar the Demonspawn Hedge Wizard began the quest for
                  | the Orb.
     0 | D:1      | Reached XP level 1. HP: 13/13 MP: 4/4
   161 | D:1      | Reached skill level 1 in Translocations
   193 | D:1      | Gained mutation: You have sharp fingernails. [demonic
                  | ancestry]
   193 | D:1      | Reached XP level 2. HP: 16/19 MP: 1/6
   567 | D:1      | Learned a level 2 spell: Call Imp
   855 | D:1      | Reached XP level 3. HP: 25/25 MP: 5/7
  1574 | D:1      | Learned a level 1 spell: Slow
  1608 | D:2      | Found a faded altar of an unknown god.
  1792 | D:2      | Reached XP level 4. HP: 19/31 MP: 5/9
  1868 | D:2      | Reached skill level 1 in Fighting
  3167 | D:3      | Noticed a scorpion
  3181 | D:3      | Slain by a scorpion

Illustrated notes

Levels and vault maps discovered:
D:1:      dpeg_arrival_subterranean_lakeside_camping, layout_loops_corners,
          serial_bayou_pond_b, grunt_decor_fettered
D:2:      kb_forest_paths, layout_basic, chequers_ecumenical_altar_simple_redux,
          serial_bayou_pond_c, serial_park_tiny_2
D:3:      layout_basic, lightli_temple_of_fire, serial_shops, shop,
          minmay_strange_pillars, uniq_sigmund

Skill      XL: |  1  2  3  4 |
---------------+-------------+-----
Translocations | 1 |  1.4
Stealth        | 2 |  2.3
Dodging        | 2 |  2.1
Fighting       | 1 |  1.2
Conjurations   | 2 |  2.1
Spellcasting   | |  3.5
Hexes          | |  0.5
Summonings     | |  1.6

Action                   |  1- 3 |  4- 6 || total
-------------------------+-------+-------++-------
Melee: Dagger            |   147 |    41 ||   188
       Punch             |     1 |       ||     1
       Whip              |       |    19 ||    19
 Cast: Magic Dart        |    43 |    30 ||    73
       Call Imp          |    10 |     5 ||    15
       Slow              |     1 |       ||     1
  Use: Scroll            |     1 |       ||     1
       Potion            |     1 |       ||     1
 Stab: Sleeping          |     1 |     1 ||     2
Armor: Robe              |    12 |       ||    12
       Leather armour    |    76 |    28 ||   104
Dodge: Dodged            |   162 |    41 ||   203

Table legend: (Time is in decaauts)
 A = Elapsed time spent in this place.
 B = Non-inter-level travel time spent in this place.
 C = Inter-level travel time spent in this place.
 D = Time resting spent in this place.
 E = Time spent auto-exploring this place.
 F = Levels seen in this place.
 G = Mean time per level.
                   A        B        C        D        E       F      G
               +--------+--------+--------+--------+--------+-----+--------+
         Total |   3187 |   2905 |    282 |    160 |   1939 |   3 | 1062.3 |
       Dungeon |   3187 |   2905 |    282 |    160 |   1939 |   3 | 1062.3 |
               +--------+--------+--------+--------+--------+-----+--------+

Top non-repeatable levels by time:
     D:1: 1610 daAuts
     D:2: 1562 daAuts
     D:3: 14 daAuts
